 Dungeon Crawl Stone Soup version 0.20-a0-772-g73021bd (webtiles) character file.

99 M4edhros the Poker (level 4, 0/35 HPs)
             Began as a Mummy Chaos Knight on Feb 27, 2017.
             Slain by a worm (6 damage)
             ... on level 2 of the Dungeon.
             The game lasted 00:00:28 (236 turns).

M4edhros the Poker (Mummy Chaos Knight)              Turns: 236, Time: 00:00:29

Health: 0/35       AC:  5    Str: 15    XL:     4   Next: 45%
Magic:  4/4        EV: 11    Int: 11    God:    Xom [..*...]
Gold:   22         SH:  0    Dex: 12    Spells: 3/3 levels left

rFire    x . .     SeeInvis .   a - +0 spear (chaos)
rCold    + . .     Gourm    .   b - +2 leather armour
rNeg     + + +     Faith    .   (no shield)
rPois    ∞         Spirit   .   (no helmet)
rElec    .         Reflect  .   (no cloak)
rCorr    .         Harm     .   (no gloves)
MR       .....                  (no boots)
Stlth    +.........             (no amulet)
Regen    0.2/turn               (no ring)
MPRegen  0.1/turn               (no ring)

@: very slightly contaminated
A: no food or potions, fire vulnerability, cold resistance 1, negative energy
resistance 3, torment resistance, unbreathing
a: Renounce Religion


You were on level 2 of the Dungeon.
You worshipped Xom.
You were a toy of Xom.
You were not hungry.

You visited 1 branch of the dungeon, and saw 2 of its levels.

You collected 22 gold pieces.

Inventory:

Hand Weapons
 a - a +0 spear of chaos (weapon)
Armour
 b - a +2 leather armour (worn)
Scrolls
 c - a scroll of remove curse {unknown}
 d - a scroll of amnesia {unknown}
 e - a scroll of magic mapping {unknown}


   Skills:
 - Level 3.0 Fighting
 + Level 4.3 Polearms
 - Level 1.5 Armour
 - Level 0.7 Dodging


You had 3 spell levels left.
You didn't know any spells.

Dungeon Overview and Level Annotations

Branches:
Dungeon (2/15)

Altars:
Trog


Innate Abilities, Weirdness & Mutations

You do not eat or drink.
Your flesh is vulnerable to fire.
You are immune to poison.
Your flesh is cold resistant. (rC+)
You are immune to negative energy. (rN+++)
You are immune to unholy pain and torment.
You can survive without breathing.


Message History

You hit the worm. You freeze the worm.
The worm is almost dead.
The worm bites you but does no damage.
You hit the worm but do no damage.
The worm is poisoned.
The worm is briefly tinged with black.
The worm is severely wounded.
You barely miss the worm.
The worm is severely wounded.
The worm bites you!
You hit the worm.
The worm is showered with tiny particles of grit.
The worm is severely wounded.
The worm bites you.
* * * LOW HITPOINT WARNING * * *
A worm is nearby!
You hit the worm.
The worm is almost dead.
The worm bites you.
You die... "Boring in life, boring in death..."

.<. #.....# ..
#...### #
#.#.# ####.
##.#.# .....#
#..#.# #.#...#
#..#.#
.#.....##..#.#
......w)...#.#
......#@.....#
..... ##....##
.... .....#
... ......# ##
......#
.......#
.....#.# .#..#


You could see a worm (berserk).

Vanquished Creatures
  An adder (D:2)
  A dart slug (D:1)
  3 bats
  3 goblins
  A hobgoblin (D:1)
  A kobold (D:2)
  A frilled lizard (D:1)
  A rat (D:1)
12 creatures vanquished.

Vanquished Creatures (others)
  An ice beast (D:2)
1 creature vanquished.

Grand Total: 13 creatures vanquished

Notes
Turn   | Place    | Note
-------+----------+-------------------------------------------
     0 | D:1      | M4edhros the Mummy Chaos Knight began the quest for the Orb.
     0 | D:1      | Reached XP level 1. HP: 18/18 MP: 1/1
   100 | D:1      | XOM: potion effect (invisibility)
   111 | D:1      | Reached XP level 2. HP: 23/24 MP: 2/2
   136 | D:1      | You fall through a shaft!
   136 | D:2      | Found a bloodstained altar of Trog.
   145 | D:2      | Noticed an ice beast
   145 | D:2      | a worm changed into an ice beast
   153 | D:2      | Banished an ice beast
   153 | D:2      | Reached skill level 4 in Polearms
   153 | D:2      | Reached XP level 3. HP: 29/29 MP: 3/3
   153 | D:2      | Reached XP level 4. HP: 35/35 MP: 4/4
   236 | D:2      | Slain by a worm

Vault maps used:
D:1:      sevenhm_arrival_forest_fort_large_2, hangedman_decor_peaks_small
D:2:      nicolae_overflow_crystal_walls, first_bread,
          kennysheep_decorative_pillar

Skill      XL: |  1  2 |
---------------+-------+-----
Polearms       | 4 |  4.3
Fighting       | |  3.0
Armour         | |  1.5
Dodging        | |  0.7

Action                   |  1- 3 |  4- 6 || total
-------------------------+-------+-------++-------
Melee: Spear             |    29 |    39 ||    68
 Stab: Paralysed         |     4 |       ||     4
       Invisible         |     3 |       ||     3
Armor: Leather armour    |     3 |     5 ||     8
Dodge: Dodged            |     9 |    25 ||    34
